 Dungeon Crawl Stone Soup version 0.17.1-1-g73c8601 (console) character file.

95 Kloppie the Poker (level 4, 0/35 HPs)
             Began as a Merfolk Gladiator on Dec 25, 2015.
             Killed from afar by an orc wizard (7 damage)
             ... with a puff of flame
             ... on level 3 of the Dungeon.
             The game lasted 00:03:19 (1671 turns).

Kloppie the Poker (Merfolk Gladiator)               Turns: 1671, Time: 00:03:19

Health: 0/35       AC:  7    Str: 15    XL:     4   Next: 65%
Magic:  4/4        EV: 11    Int:  7    God:
Gold:   85         SH:  0    Dex: 15    Spells: 0 memorised, 3 levels left

rFire  x . .     SeeInvis .     a - +0 trident
rCold  + . .     Clarity  .     k - +0 scale mail
rNeg   . . .     SustAt   .     (no shield)
rPois  .         Gourm    .     c - +0 helmet
rElec  .         Spirit   .     (no cloak)
rCorr  .         Warding  .     (no gloves)
rMut   .         Stasis   .     (no boots)
MR     +....                    (no amulet)
Stlth  ..........               h - ring of protection from magic
                                v - ring of ice

@: drained, somewhat resistant to hostile enchantments, extremely unstealthy
A: change form in water, swift swim
a: no special abilities


You were on level 3 of the Dungeon.
You were not hungry.

You visited 1 branch of the dungeon, and saw 3 of its levels.

You collected 85 gold pieces.

Inventory:

Hand Weapons
 a - a +0 trident (weapon)
Missiles
 d - 3 throwing nets (quivered)
Armour
 b - a +0 leather armour
 c - a +0 helmet (worn)
 k - a +0 scale mail (worn)
Jewellery
 h - a ring of protection from magic (right hand)
 v - a ring of ice (left hand)
Wands
 y - a wand of paralysis (10)
Scrolls
 f - 3 scrolls of enchant weapon {unknown}
 g - a scroll of random uselessness {unknown}
 j - a scroll of fear {unknown}
 l - 2 scrolls of teleportation {unknown}
 n - 3 scrolls of identify {unknown}
 o - a scroll of fog {unknown}
 p - a scroll of immolation {unknown}
 u - a scroll of enchant armour {unknown}
 w - a scroll of blinking {unknown}
Potions
 i - a potion of magic {unknown}
 r - 3 potions of resistance {unknown}
 s - a potion of curing {unknown}
 x - a potion of brilliance {unknown}
Comestibles
 e - a bread ration
 m - 3 fruits
 q - 4 chunks of flesh
 t - a beef jerky


   Skills:
 + Level 3.1(2.9) Fighting
 + Level 5.9(5.6) Polearms
 - Level 2.0(1.7) Throwing
 + Level 5.2(5.0) Dodging


You had 3 spell levels left.
You didn't know any spells.

Dungeon Overview and Level Annotations

Branches:
Dungeon (3/15)

Altars:

Annotations:
D:2 Sigmund


Message History

Something you can't see is in the way.
You hit something but do no damage. Something hits you.
* * * LOW HITPOINT WARNING * * *
You are too injured to fight recklessly!
You are too injured to fight recklessly!
You closely miss something.
You hear some strange, mumbled words.
A puff of flame appears from out of thin air!
The puff of flame hits you! The fire burns you terribly!
* * * LOW HITPOINT WARNING * * *
You closely miss something. Something hits you but does no damage.
You barely miss something. Something hits you but does no damage.
You miss something. Something hits you but does no damage.
You hit something. Something hits you but does no damage.
You barely miss something. Something hits you but does no damage.
You hit something.
You hear some strange, mumbled words.
A puff of flame appears from out of thin air!
The puff of flame hits you! The fire burns you terribly!
You die...

#.# #......###.###.
#.# #.###.####.#
..... #..........#
.... ###.#.#.##.#
... #.#.#.##.# #.#
.#
#.#.#.##.###.###<..#
#.#..[............#
#.######.###.######
#.# #.# #@# #.# #.#
#{# #.. ..# #o# ...
$.# #### ... ....
#... ....#


You could see an orc.

Vanquished Creatures
  An orc wizard (D:3)
  An adder (D:2)
  An ooze (D:1)
  2 worms (D:2)
  An orc (D:3)
  A ball python (D:3)
  7 bats
  5 goblins
  6 hobgoblins
  7 jackals (D:1)
  7 kobolds
  A giant gecko (D:1)
  A giant newt (D:1)
  4 rats
45 creatures vanquished.

Notes
Turn   | Place    | Note
--------------------------------------------------------------
     0 | D:1      | Kloppie the Merfolk Gladiator began the quest for the Orb.
     0 | D:1      | Reached XP level 1. HP: 16/16 MP: 1/1
   277 | D:1      | Reached XP level 2. HP: 17/23 MP: 2/2
   488 | D:1      | Reached skill level 5 in Polearms
   696 | D:1      | Reached XP level 3. HP: 28/28 MP: 3/3
  1212 | D:2      | Reached XP level 4. HP: 24/34 MP: 4/4
  1222 | D:2      | Reached skill level 5 in Dodging
  1427 | D:2      | Noticed Sigmund
  1556 | D:3      | Found a faded altar to an unknown god.
  1671 | D:3      | Killed from afar by an orc wizard

Action                   |  1- 3 |  4- 6 || total
-------------------------+-------+-------++-------
Melee: Trident           |   125 |    50 ||   175
 Stab: Sleeping          |     1 |       ||     1
  Eat: Chunk             |     1 |     2 ||     3
